 Dungeon Crawl Stone Soup version 0.31.0-11-ge490571c62 (webtiles) character file.

Game seed: 242164139393906725

912 bearlyready the Ruffian (level 7, -4/97 HPs)
             Began as a Troll Shapeshifter on Feb 5, 2024.
             Slain by an ufetubus (7 damage)
             ... on level 5 of the Dungeon.
             The game lasted 00:04:47 (3567 turns).

bearlyready the Ruffian (Troll Shapeshifter)        Turns: 3567, Time: 00:04:48

Health: -4/97      AC: 23    Str: 25    XL:     7   Next: 82%
Magic:  15/15      EV:  1    Int:  9    God:
Gold:   267        SH:  0    Dex:  9    Spells: 6/6 levels left

rFire   + .          .
                       - Unarmed
rCold   . . .        x - orb "Emounien" {mayhem, Harm rPois SInv Stlth+}
rNeg    . . .        a - melded +0 animal skin
rPois   +            (helmet currently unavailable)
rElec   .            (cloak currently unavailable)
rCorr   .            (gloves unavailable)
SInv    +            (boots unavailable)
Will    .....        t - amulet of magic regeneration
Stlth   +++          G - ring of Zueloul {rF+ MP+9 Int+3 Stlth+}
HPRegen 1.16/turn    (no ring)
MPRegen 0.54/turn

%: harm (+30% outgoing, +20% incoming), mayhem
@: mighty, tree-form
A: stationary, stasis, torment immunity, boosted hp, large, unfitting armour,
(claws 3), regeneration 1, (shaggy fur 1), (tough skin 1)
a: no special abilities


You were on level 5 of the Dungeon.
You were a tree.
You visited 2 branches of the dungeon, and saw 6 of its levels.

You collected 267 gold pieces.

Inventory:

Missiles
 i - 3 large rocks (quivered)
 m - 2 throwing nets
 n - 35 stones
 A - 8 poisoned darts
 F - a boomerang
Armour
 a - a +0 animal skin (melded)
 q - a +0 helmet
 r - a +1 cloak
 x - the orb "Emounien" (worn) {mayhem, Harm rPois SInv Stlth+}
   (You found it on level 3 of the Dungeon)

   rPois:     It protects you from poison SInv: It lets you see invisible.
   Harm:      It increases damage dealt and taken.
   Stlth+:    It makes you more stealthy.
Jewellery
 t - an amulet of magic regeneration (around neck)
 G - the ring of Zueloul (left branch) {rF+ MP+9 Int+3 Stlth+}
   (You found it on level 5 of the Dungeon)

   [ring of protection from fire]

   Int+3:     It affects your intelligence (+3).
   rF+:       It protects you from fire.
   MP+9:      It affects your magic capacity (+9).
   Stlth+:    It makes you more stealthy.
Talismans
 c - a beast talisman
 d - a flux talisman
 g - a serpent talisman
Wands
 l - a wand of charming (4)
 z - a wand of digging (5)
 D - a wand of iceblast (11)
Scrolls
 e - 2 scrolls of vulnerability {unknown}
 h - 2 scrolls of fear {unknown}
 k - a scroll of revelation {unknown}
 o - a scroll of amnesia {unknown}
 s - 4 scrolls of identify {unknown}
 u - a scroll of blinking {unknown}
 w - a scroll of butterflies {unknown}
 y - 6 scrolls of teleportation {unknown}
 C - a scroll of enchant weapon {unknown}
Potions
 b - a potion of lignification
 f - 2 potions of curing {unknown}
 j - 4 potions of might
 p - a potion of ambrosia {unknown}
 v - a potion of attraction {unknown}
 B - a potion of heal wounds {unknown}
 E - a potion of degeneration {unknown}


   Skills:
 + Level 2.1 Fighting
 - Level 1.5 Dodging
 + Level 6.7 Unarmed Combat
 + Level 6.2 Shapeshifting


You had 6 spell levels left.
You didn't know any spells.
Your spell library was empty.

Dungeon Overview and Level Annotations

Branches:
Dungeon (5/15)             Temple (1/1) D:4

Altars:
Ashenzari
Dithmenos
Elyvilon
Gozag
Hepliaklqana
Kikubaaqudgha
Okawaru
Ru
Trog
Xom
Zin

Annotations:
D:2 1 runed translucent door, Crazy Yiuf
Temple 2 transporters


Innate Abilities, Weirdness & Mutations

You are a tree.
Your roots penetrate the ground, keeping you stationary.
You cannot be teleported.
You are immune to unholy pain and torment.
Your maximum health is greatly increased.
Your equipment is partially melded.
You are too large for most types of armour.
((You have claws for hands.))
Your natural rate of healing is unusually fast.
((You are covered in fur. (AC +1)))
((You have tough skin. (AC +1)))


Message History

The ufetubus hits Prince Ribbit.
Prince Ribbit hits the ufetubus but does no damage.
You scratch Prince Ribbit.
Prince Ribbit is almost dead.
The ufetubus hits Prince Ribbit. x2
Prince Ribbit dies!
The ufetubus hits you but does no damage. x2
Your Fighting skill increases to level 2!
You scratch the ufetubus.
The ufetubus is moderately wounded.
The ufetubus hits you.
* * * LOW HITPOINT WARNING * * *
The ufetubus hits you.
* * * LOW HITPOINT WARNING * * *
The ufetubus hits you.
* * * LOW HITPOINT WARNING * * *
The ufetubus misses you.
Your transformation has ended.
You turn into a tree.
Your +0 animal skin melds into your body.
Your roots penetrate the ground.
The ufetubus hits you but does no damage. x3
The ufetubus hits you.
* * * LOW HITPOINT WARNING * * *
You hit the ufetubus but do no damage.
The ufetubus is moderately wounded.
The ufetubus hits you but does no damage. x4
You barely miss the ufetubus.
The ufetubus is moderately wounded.
The ufetubus hits you.
* * * LOW HITPOINT WARNING * * *
The ufetubus hits you but does no damage.
The ufetubus hits you.
* * * LOW HITPOINT WARNING * * *
The ufetubus hits you but does no damage.
It was a potion of might.
You feel very mighty all of a sudden.
The ufetubus hits you but does no damage. x3
The ufetubus hits you.
You die...

##########
#........#
#........#
########........#
...............#
#...##...<....#
#####...##........#
..................#
##..#..♣###......##
#....5.#..####...
#.........## #.....
#.##.?.....#
..##### # #...#.#.#
.## #...#.#.#
#.....# . ###..##
.. #.. .#


You could see a neutral ufetubus (fast, strong, frenzied).

Vanquished Creatures
  Grinder (D:4)
  Sigmund (D:2)
  A phantom (D:5)
  A hound (D:4)
  A sleepcap (D:4)
  Jessica (D:2)
  An iguana (D:4)
  7 gnolls
  7 adders
  An ufetubus (D:5)
  3 dart slugs
  7 orcs
  5 endoplasms
  5 giant cockroaches
  4 goblins
  5 hobgoblins
  5 quokkas
  3 ball pythons
  2 bats (D:1)
  2 frilled lizards
  6 kobolds
  6 rats
75 creatures vanquished.

Vanquished Creatures (collateral kills)
  Prince Ribbit (D:5)
1 creature vanquished.

Grand Total: 76 creatures vanquished

Notes
Turn   | Place    | Note
-------+----------+-------------------------------------------
     0 | D:1      | bearlyready the Troll Shapeshifter began the quest for the
                  | Orb.
     0 | D:1      | Reached XP level 1. HP: 18/18 MP: 0/0
   226 | D:1      | Reached XP level 2. HP: 26/26 MP: 1/1
   399 | D:1      | You fall into a shaft and drop 1 floor!
   547 | D:2      | Reached XP level 3. HP: 25/32 MP: 2/2
   579 | D:2      | Noticed Sigmund
   589 | D:2      | Killed Sigmund
   590 | D:2      | Reached skill level 5 in Unarmed Combat
   590 | D:2      | Reached XP level 4. HP: 9/40 MP: 3/3
   590 | D:2      | Reached XP level 5. HP: 11/46 MP: 4/4
  1452 | D:2      | Found a faded altar of an unknown god.
  1487 | D:2      | Noticed Jessica
  1493 | D:2      | Killed Jessica
  1494 | D:2      | Reached XP level 6. HP: 48/54 MP: 5/5
  1497 | D:2      | Reached skill level 5 in Shapeshifting
  1655 | D:2      | Found a runed translucent door.
  1656 | D:2      | Noticed Crazy Yiuf
  2217 | D:3      | Identified the orb "Emounien" {mayhem, Harm rPois SInv
                  | Stlth+}
  2707 | D:4      | Found a staircase to the Ecumenical Temple.
  2725 | Temple   | Found a transporter.
  2725 | Temple   | Found a transporter.
  2725 | Temple   | Found a transporter.
  2725 | Temple   | Found a transporter.
  2725 | Temple   | Entered the Ecumenical Temple
  2909 | D:4      | Noticed Grinder
  2911 | D:4      | Paralysed by Grinder for 5 turns
  2922 | D:4      | Killed Grinder
  2923 | D:4      | Reached XP level 7. HP: 61/61 MP: 6/6
  3179 | D:4      | Reached skill level 1 in Fighting
  3510 | D:5      | Entered Level 5 of the Dungeon
  3525 | D:5      | Identified the ring of Zueloul {rF+ MP+9 Int+3 Stlth+}
  3555 | D:5      | Noticed Prince Ribbit
  3562 | D:5      | Killed Prince Ribbit
  3566 | D:5      | HP: 4/97 [ufetubus (7)]
  3567 | D:5      | Slain by an ufetubus

Illustrated notes

Levels and vault maps discovered:
D:1:      sevenhm_arrival_forest_fort_small_3, layout_loops_cross
D:2:      kennysheep_six_static_rooms, layout_basic,
          hellmonk_ecumenical_altar_defaced_shrine, serial_corexii_hall,
          corexii_hall_statues_x, chequers_hall_statues_corner_a,
          uniq_crazy_yiuf_cottage, uniq_sigmund, uniq_jessica
D:3:      layout_rooms, roderic_three_in_a_row
D:4:      layout_cave_pods, temple_statues, minmay_gold_behind_fungi,
          nrook_mini_vaults, uniq_grinder
D:5:      layout_rooms, mainiacjoe_overflow_brackets, nicolae_half_adder,
          uniq_ijyb, uniq_prince_ribbit1, uniq_eustachio
Temple:   hellmonk_temple_divided_pantheon

Skill      XL: |  1  2  3  4  5  6  7 |
---------------+----------------------+-----
Unarmed Combat | 5 6 |  6.7
Shapeshifting  | 4 5 6 |  6.2
Fighting       | 2 |  2.1
Dodging        | |  1.5

Action                     |  1- 3 |  4- 6 |  7- 9 || total
---------------------------+-------+-------+-------++-------
  Melee: Unarmed           |    44 |    81 |    44 ||   169
         Punch             |     1 |       |       ||     1
  Throw: Large rock        |     2 |       |       ||     2
    Use: Potion            |       |       |     2 ||     2
   Stab: Sleeping          |       |     3 |     2 ||     5
 Armour: Animal skin       |    33 |    55 |    34 ||   122
         Skin              |       |       |    16 ||    16
  Dodge: Dodged            |    13 |    30 |    27 ||    70
